 Dungeon Crawl Stone Soup version 0.32-a0-799-g95e1662365 (webtiles) character file.

Game seed: 2460259186440302778

168 Orlauf the Trooper (level 5, 0/43 HPs)
             Began as a Demonspawn Gladiator on Mar 21, 2024.
             Incinerated by a bombardier beetle (5 damage)
             ... with a burning spray
             ... on level 4 of the Dungeon.
             The game lasted 00:03:53 (2268 turns).

Orlauf the Trooper (Demonspawn Gladiator)           Turns: 2268, Time: 00:03:53

Health: 0/43       AC:  9    Str: 17    XL:     5   Next: 23%
Magic:  5/5        EV: 10    Int:  8    God:
Gold:   151        SH:  0    Dex: 16    Spells: 4/4 levels left

rFire   . . .        a - +0 war axe
rCold   . . .        (no shield)
rNeg    . . .        j - +3 ring mail
rPois   .            c - +0 helmet
rElec   .            (no cloak)
rCorr   .            (no gloves)
SInv    .            (no boots)
Will    .....        (no amulet)
Stlth   +            (no ring)
HPRegen 0.27/turn    (no ring)
MPRegen 0.09/turn

%: no passive effects
@: on fire, glowing
A: hooves 1, thin skeletal structure 1, powered by death 1
a: no special abilities


You were on level 4 of the Dungeon.
You visited 1 branch of the dungeon, and saw 4 of its levels.

You collected 151 gold pieces.

Inventory:

Hand Weapons
 a - a +0 war axe (weapon)
 b - a +0 mace
Missiles
 d - 2 throwing nets (quivered)
 e - 5 javelins
Armour
 c - a +0 helmet (worn)
 j - a +3 ring mail (worn)
 l - a +0 chain mail
Talismans
 i - a serpent talisman
Scrolls
 r - a scroll of vulnerability
Potions
 f - 3 potions of enlightenment
 g - a potion of heal wounds {unknown}
 h - 3 potions of brilliance {unknown}
 k - 4 potions of curing {unknown}
 m - a potion of attraction {unknown}
 n - 2 potions of magic {unknown}
 p - a potion of mutation {unknown}


   Skills:
 * Level 4.6 Fighting
 + Level 3.8 Axes
 - Level 1.7 Throwing
 - Level 2.6 Dodging


You had 4 spell levels left.
You didn't know any spells.
Your spell library contained the following spells:

 Spells                   Type           Power      Damage    Failure   Level
 Stone Arrow              Conj/Erth      0%         3d7       94%         3
 Animate Armour           Summ/Erth      0%         N/A       100%        4
 Lehudib's Crystal Spear  Conj/Erth      0%         10d2      100%        8


Dungeon Overview and Level Annotations

Branches:
Dungeon (4/15)
 Temple: D:4-7

Altars:


Innate Abilities, Weirdness & Mutations

You have large cloven feet.
You have a somewhat thin skeletal structure. (Dex +2, Stealth+)
You regenerate a little health from kills.


Message History

The bombardier beetle is moderately wounded.
The liquid fire burns you!
You hit the bombardier beetle but do no damage.
You kick the bombardier beetle.
The bombardier beetle is moderately wounded.
The liquid fire burns you!
The bombardier beetle barely misses you.
You hit the bombardier beetle.
The bombardier beetle is heavily wounded.
The liquid fire burns you!
The bombardier beetle bites you but does no damage.
You are too injured to fight recklessly!
You are too injured to fight recklessly!
You are too injured to fight recklessly!
You are too injured to fight recklessly!
You are too injured to fight recklessly!
You are too injured to fight recklessly!
You are too injured to fight recklessly!
You are too injured to fight recklessly!
You are too injured to fight recklessly!
You are too injured to fight recklessly!
You are too injured to fight recklessly!
You are too injured to fight recklessly!
You are too injured to fight recklessly!
You are too injured to fight recklessly!
You hit the bombardier beetle but do no damage.
You kick the bombardier beetle.
The bombardier beetle is heavily wounded.
The liquid fire burns you!
* * * LOW HITPOINT WARNING * * *
The bombardier beetle completely misses you.
Unknown command.
You hit the bombardier beetle.
The bombardier beetle is severely wounded.
The liquid fire burns you!
* * * LOW HITPOINT WARNING * * *
You hit the bombardier beetle but do no damage.
The bombardier beetle is severely wounded.
The liquid fire burns you!
You die...

...##. ......#.
.......> #
........ .#####
....K. ......
#....##......
..##..B#........
#......@....#...
#.......<.......
>......#........
.##.............
#..#.#.[.##...
......##... ..
#...### ###. .
#### .. ##


You could see a bombardier beetle and a kobold.

Vanquished Creatures
  A hound (D:4)
  An orc priest (D:3)
  Terence (D:3)
  3 adders (D:2)
  A dart slug (D:2)
  4 orcs (D:3)
  A bat (D:1)
  2 endoplasms
  4 giant cockroaches
  8 goblins
  2 hobgoblins (D:3)
  6 jackals
  A kobold (D:2)
  2 quokkas
  6 ball pythons
  5 frilled lizards
  A rat (D:1)
49 creatures vanquished.

Notes
Turn   | Place    | Note
-------+----------+-------------------------------------------
     0 | D:1      | Orlauf the Demonspawn Gladiator began the quest for the
                  | Orb.
     0 | D:1      | Reached XP level 1. HP: 16/16 MP: 1/1
   255 | D:1      | Gained mutation: You have a somewhat thin skeletal
                  | structure. (Dex +2, Stealth+) [demonic ancestry]
   255 | D:1      | Reached XP level 2. HP: 23/23 MP: 2/2
   764 | D:2      | Reached skill level 3 in Fighting
   764 | D:2      | Gained mutation: You regenerate a little health from kills.
                  | [demonic ancestry]
   764 | D:2      | Reached XP level 3. HP: 29/29 MP: 3/3
   987 | D:2      | You fall into a shaft and drop 1 floor!
  1485 | D:3      | Reached XP level 4. HP: 37/37 MP: 4/4
  1591 | D:3      | Reached skill level 4 in Fighting
  1733 | D:3      | Noticed Terence
  1749 | D:3      | Killed Terence
  1900 | D:3      | Gained mutation: You have large cloven feet. [demonic
                  | ancestry]
  1900 | D:3      | Reached XP level 5. HP: 39/43 MP: 5/5
  1950 | D:3      | Found a faded altar of an unknown god.
  2268 | D:4      | Incinerated by a bombardier beetle

Illustrated notes

Levels and vault maps discovered:
D:1:      erik_arrival_orb_chamber, layout_loops_ring
D:2:      layout_loops_cross, chequers_mini_garden,
          nicolae_elevator_lobby_asterisk
D:3:      layout_loops_ring, hellmonk_ecumenical_altar_leap_of_faith,
          dk_noncrumbling_3, uniq_terence
D:4:      layout_cave_pools, xom_teletrap_fun, serial_library_hellmonk_u_bend,
          nicolae_shop_sticking_my_neck_out, uniq_blork_the_orc

Skill      XL: |  1  2  3  4 |
---------------+-------------+-----
Axes           | 3 |  3.8
Fighting       | 3 4 |  4.6
Throwing       | |  1.7
Dodging        | |  2.6

Action                     |  1- 3 |  4- 6 || total
---------------------------+-------+-------++-------
  Melee: War axe           |    80 |    74 ||   154
         Kick              |       |     6 ||     6
  Throw: Throwing net      |       |     3 ||     3
    Use: Scroll            |     6 |       ||     6
   Stab: Sleeping          |     4 |       ||     4
         Distracted        |     1 |       ||     1
         Held in net/web   |       |     2 ||     2
 Armour: Leather armour    |    21 |       ||    21
         Ring mail         |    19 |    36 ||    55
         Chain mail        |       |    13 ||    13
         Skin              |       |     1 ||     1
  Dodge: Dodged            |    50 |    31 ||    81

Table legend: (Time is in decaauts)
 A = Elapsed time spent in this place.
 B = Non-inter-level travel time spent in this place.
 C = Inter-level travel time spent in this place.
 D = Time resting spent in this place.
 E = Time spent auto-exploring this place.
 F = Levels seen in this place.
 G = Mean time per level.
                   A        B        C        D        E       F      G
               +--------+--------+--------+--------+--------+-----+--------+
         Total |   2318 |   2253 |     65 |    231 |   1578 |   4 |  579.5 |
       Dungeon |   2318 |   2253 |     65 |    231 |   1578 |   4 |  579.5 |
               +--------+--------+--------+--------+--------+-----+--------+

Top non-repeatable levels by time:
     D:3: 931 daAuts
     D:2: 708 daAuts
     D:1: 659 daAuts
     D:4: 19 daAuts
